[ PARTIDA AOE2 · #482591074 ]
Team RMCumanos vs Khmer
[ ANÁLISIS DE REPETICIÓN · EXTRAÍDO DE LA PARTIDA GRABADA ]
Feudal
10:41
Castillos
—
Imperial
—
| APM promedio | 27.5 |
| APM pico | 63 |
| eAPM promedio | 11.3 |
| Aldeanos / militares | 46 / 0 |
Foco
⚔️ 15.7% · 🌾 84.3%
Feudal
9:00
Castillos
—
Imperial
—
| APM promedio | 29.1 |
| APM pico | 55 |
| eAPM promedio | 15.3 |
| Aldeanos / militares | 40 / 10 |
Foco
⚔️ 11.3% · 🌾 88.7%
Scout Cavalry ×10
Feudal
9:44
Castillos
—
Imperial
—
| APM promedio | 25.3 |
| APM pico | 53 |
| eAPM promedio | 11.7 |
| Aldeanos / militares | 37 / 10 |
Foco
⚔️ 23.3% · 🌾 76.7%
Spearman ×6 · Scout Cavalry ×4
Feudal
11:29
Castillos
—
Imperial
—
| APM promedio | 56.4 |
| APM pico | 96 |
| eAPM promedio | 17.5 |
| Aldeanos / militares | 37 / 13 |
Foco
⚔️ 22.9% · 🌾 77.1%
Archer ×13
Feudal
10:02
Castillos
—
Imperial
—
| APM promedio | 30.8 |
| APM pico | 88 |
| eAPM promedio | 13.6 |
| Aldeanos / militares | 33 / 2 |
Foco
⚔️ 16.6% · 🌾 83.4%
Spearman ×2
Feudal
9:20
Castillos
—
Imperial
—
| APM promedio | 61.1 |
| APM pico | 105 |
| eAPM promedio | 27.0 |
| Aldeanos / militares | 44 / 23 |
Foco
⚔️ 37.1% · 🌾 62.9%
Scout Cavalry ×17 · Spearman ×6
Mapa de la partida
Recursos iniciales + cada clic de construcción. Líneas = muros · curvas = relieve. ◆ oro · ⬟ piedra · ● bayas · ✦ reliquia · ◌ hueco del cierre
Tu base· ✓ Cerrada en 12:00 · 64t muro · sin puerta
Base de 存在即合理· Abierta — flanco sin cerrar
Base de samur· Abierta — flanco sin cerrar
Base de 阿家· Abierta — hueco de 1t
Base de TaşAhmet· Abierta — hueco de 1t
Base de SuperCrazyFeng· Abierta — flanco sin cerrar
Terreno inicial suavizado · ◌ = hueco del cierre detectado · pasá el cursor para detalles
Inputs por minuto
— AmbassadorKaifa - - 存在即合理
Build order — AmbassadorKaifa
95 acciones detectadas en el replay
| 0:01 | Crear | Villager (Male) |
| 0:01 | Crear | Villager (Male) |
| 0:02 | Crear | Villager (Male) |
| 0:02 | Crear | Villager (Male) |
| 0:02 | Crear | Villager (Male) |
| 0:04 | Construir | House |
| 0:05 | Construir | House |
| 0:07 | Construir | House |
| 2:00 | Construir | Lumber Camp |
| 2:01 | Crear | Villager (Male) |
| 2:01 | Crear | Villager (Male) |
| 2:01 | Crear | Villager (Male) |
| 2:23 | Crear | Villager (Male) |
| 2:23 | Crear | Villager (Male) |
| 2:50 | Crear | Villager (Male) |
| 2:51 | Crear | Villager (Male) |
| 2:59 | Investigar | Loom |
| 3:42 | Crear | Villager (Male) |
| 3:42 | Crear | Villager (Male) |
| 3:42 | Crear | Villager (Male) |
| 4:18 | Construir | Mill |
| 4:25 | Crear | Villager (Male) |
| 4:25 | Crear | Villager (Male) |
| 5:04 | Construir | House |
| 5:36 | Crear | Villager (Male) |
| 5:37 | Crear | Villager (Male) |
| 5:37 | Crear | Villager (Male) |
| 5:37 | Crear | Villager (Male) |
| 6:27 | Crear | Villager (Male) |
| 6:28 | Crear | Villager (Male) |
| 6:28 | Crear | Villager (Male) |
| 6:54 | Construir | Palisade Wall |
| 7:26 | Construir | Palisade Wall |
| 8:26 | Investigar | Feudal Age |
| 9:13 | Construir | Palisade Wall |
| 9:39 | Construir | Palisade Wall |
| 10:35 | Construir | House |
| 10:41 | Edad | Edad Feudal |
| 10:58 | Construir | Town Center |
| 11:02 | Investigar | Wheelbarrow |
| 11:03 | Investigar | Horse Collar |
| 11:06 | Investigar | Double-Bit Axe |
| 11:44 | Construir | Palisade Wall |
| 11:48 | Construir | Palisade Wall |
| 12:19 | Crear | Villager (Male) |
| 12:19 | Crear | Villager (Male) |
| 12:24 | Construir | Farm |
| 12:30 | Construir | House |
| 12:39 | Construir | House |
| 12:46 | Crear | Villager (Male) |
| 12:46 | Crear | Villager (Male) |
| 12:50 | Construir | Farm |
| 12:52 | Construir | Farm |
| 13:10 | Construir | Mining Camp |
| 13:15 | Construir | House |
| 13:20 | Crear | Villager (Male) |
| 13:24 | Construir | Farm |
| 13:25 | Construir | Farm |
| 14:07 | Crear | Villager (Male) |
| 14:07 | Crear | Villager (Male) |
| 14:26 | Construir | Market |
| 14:34 | Crear | Villager (Male) |
| 14:34 | Crear | Villager (Male) |
| 14:40 | Construir | Farm |
| 14:45 | Construir | Farm |
| 15:01 | Crear | Villager (Male) |
| 15:02 | Crear | Villager (Male) |
| 15:08 | Construir | House |
| 15:09 | Construir | House |
| 15:13 | Construir | Farm |
| 15:28 | Crear | Villager (Male) |
| 15:28 | Crear | Villager (Male) |
| 15:31 | Construir | Farm |
| 15:33 | Construir | Farm |
| 15:37 | Construir | Farm |
| 15:41 | Construir | Farm |
| 15:44 | Crear | Villager (Male) |
| 15:44 | Crear | Villager (Male) |
| 16:09 | Crear | Villager (Male) |
| 16:10 | Crear | Villager (Male) |
| 16:10 | Crear | Villager (Male) |
| 16:15 | Construir | Farm |
| 16:29 | Construir | Farm |
| 16:42 | Construir | Farm |
| 16:44 | Crear | Villager (Male) |
| 16:44 | Crear | Villager (Male) |
| 16:52 | Construir | Blacksmith |
| 16:59 | Construir | Farm |
| 17:00 | Construir | Farm |
| 17:05 | Crear | Villager (Male) |
| 17:05 | Crear | Villager (Male) |
| 17:17 | Construir | Farm |
| 17:42 | Construir | Palisade Wall |
| 17:45 | Construir | Palisade Wall |
| 17:47 | Construir | Palisade Wall |
Build order — 存在即合理
103 acciones detectadas en el replay
| 0:01 | Crear | Villager (Male) |
| 0:01 | Crear | Villager (Male) |
| 0:01 | Crear | Villager (Male) |
| 0:03 | Construir | House |
| 0:05 | Construir | House |
| 0:26 | Crear | Villager (Male) |
| 1:23 | Crear | Villager (Male) |
| 1:53 | Crear | Villager (Male) |
| 1:53 | Crear | Villager (Male) |
| 2:34 | Crear | Villager (Male) |
| 2:34 | Crear | Villager (Male) |
| 2:35 | Crear | Villager (Male) |
| 3:06 | Construir | House |
| 3:08 | Construir | House |
| 3:19 | Crear | Villager (Male) |
| 3:20 | Crear | Villager (Male) |
| 3:24 | Construir | Lumber Camp |
| 4:10 | Crear | Villager (Male) |
| 4:16 | Crear | Villager (Male) |
| 4:52 | Crear | Villager (Male) |
| 4:54 | Crear | Villager (Male) |
| 4:56 | Crear | Villager (Male) |
| 4:57 | Investigar | Loom |
| 5:46 | Construir | Mill |
| 6:50 | Investigar | Feudal Age |
| 7:03 | Construir | Mill |
| 7:54 | Crear | Villager (Male) |
| 9:00 | Edad | Edad Feudal |
| 9:05 | Construir | Stable |
| 9:07 | Construir | House |
| 9:08 | Construir | House |
| 9:10 | Investigar | Double-Bit Axe |
| 9:16 | Crear | Villager (Male) |
| 9:41 | Investigar | Horse Collar |
| 9:44 | Crear | Villager (Male) |
| 9:54 | Crear | Scout Cavalry |
| 9:54 | Crear | Scout Cavalry |
| 10:30 | Crear | Scout Cavalry |
| 10:32 | Crear | Villager (Male) |
| 10:54 | Crear | Villager (Male) |
| 10:59 | Construir | Farm |
| 10:59 | Construir | Farm |
| 10:59 | Construir | Farm |
| 11:00 | Construir | Farm |
| 11:01 | Crear | Villager (Male) |
| 11:15 | Crear | Villager (Male) |
| 11:32 | Crear | Villager (Male) |
| 11:35 | Crear | Scout Cavalry |
| 11:57 | Construir | Lumber Camp |
| 12:09 | Crear | Villager (Male) |
| 12:11 | Crear | Scout Cavalry |
| 12:22 | Construir | House |
| 12:27 | Construir | Blacksmith |
| 12:40 | Crear | Villager (Male) |
| 12:44 | Construir | House |
| 12:46 | Construir | House |
| 12:54 | Construir | Farm |
| 13:15 | Construir | Farm |
| 13:15 | Construir | Farm |
| 13:15 | Construir | Farm |
| 13:16 | Construir | Farm |
| 13:27 | Crear | Villager (Male) |
| 13:34 | Construir | Farm |
| 13:39 | Construir | Farm |
| 13:43 | Crear | Villager (Male) |
| 13:59 | Crear | Scout Cavalry |
| 14:00 | Crear | Scout Cavalry |
| 14:02 | Crear | Scout Cavalry |
| 14:15 | Construir | Farm |
| 14:18 | Crear | Villager (Male) |
| 14:28 | Crear | Villager (Male) |
| 15:00 | Crear | Scout Cavalry |
| 15:06 | Construir | Farm |
| 15:07 | Construir | Farm |
| 15:07 | Construir | Farm |
| 15:07 | Construir | Farm |
| 15:08 | Construir | Farm |
| 15:08 | Construir | Farm |
| 15:15 | Construir | Mining Camp |
| 15:18 | Crear | Villager (Male) |
| 15:23 | Crear | Scout Cavalry |
| 15:37 | Crear | Villager (Male) |
| 15:50 | Investigar | Scale Barding Armor |
| 16:04 | Crear | Villager (Male) |
| 16:26 | Crear | Villager (Male) |
| 17:14 | Crear | Villager (Male) |
| 17:17 | Crear | Villager (Male) |
| 17:20 | Construir | Farm |
| 17:20 | Construir | Farm |
| 17:21 | Construir | Farm |
| 17:21 | Construir | Farm |
| 17:21 | Construir | Farm |
| 17:22 | Construir | Farm |
| 17:28 | Construir | Farm |
| 17:28 | Construir | Farm |
| 17:29 | Construir | Farm |
| 17:29 | Construir | Farm |
| 17:30 | Crear | Villager (Male) |
| 18:08 | Investigar | Bloodlines |
| 18:13 | Construir | Market |
| 18:15 | Construir | House |
| 18:19 | Crear | Villager (Male) |
| 18:52 | Crear | Villager (Male) |
Build order — samur
94 acciones detectadas en el replay
| 0:01 | Crear | Villager (Male) |
| 0:02 | Crear | Villager (Male) |
| 0:03 | Construir | House |
| 0:04 | Construir | House |
| 0:13 | Crear | Villager (Male) |
| 0:14 | Crear | Villager (Male) |
| 0:14 | Crear | Villager (Male) |
| 1:33 | Crear | Villager (Male) |
| 1:33 | Crear | Villager (Male) |
| 2:03 | Crear | Villager (Male) |
| 2:04 | Crear | Villager (Male) |
| 2:07 | Construir | Lumber Camp |
| 2:29 | Crear | Villager (Male) |
| 2:29 | Crear | Villager (Male) |
| 2:30 | Crear | Villager (Male) |
| 3:14 | Crear | Villager (Male) |
| 3:15 | Crear | Villager (Male) |
| 3:15 | Crear | Villager (Male) |
| 3:15 | Crear | Villager (Male) |
| 3:54 | Crear | Villager (Male) |
| 3:54 | Crear | Villager (Male) |
| 3:55 | Crear | Villager (Male) |
| 3:57 | Construir | House |
| 5:22 | Construir | Mill |
| 5:24 | Crear | Villager (Male) |
| 5:24 | Crear | Villager (Male) |
| 5:24 | Crear | Villager (Male) |
| 6:39 | Crear | Villager (Male) |
| 6:42 | Construir | Farm |
| 6:45 | Construir | Farm |
| 6:55 | Construir | House |
| 7:00 | Investigar | Loom |
| 7:22 | Construir | Farm |
| 7:34 | Investigar | Feudal Age |
| 8:06 | Construir | House |
| 8:32 | Construir | Barracks |
| 8:53 | Construir | Palisade Wall |
| 9:31 | Construir | Palisade Wall |
| 9:44 | Edad | Edad Feudal |
| 9:49 | Crear | Villager (Male) |
| 9:52 | Construir | Stable |
| 10:04 | Crear | Villager (Male) |
| 10:10 | Crear | Spearman |
| 10:35 | Crear | Scout Cavalry |
| 10:40 | Construir | House |
| 10:41 | Crear | Villager (Male) |
| 11:10 | Construir | House |
| 11:10 | Crear | Villager (Male) |
| 11:12 | Crear | Scout Cavalry |
| 11:17 | Crear | Spearman |
| 11:33 | Investigar | Double-Bit Axe |
| 11:34 | Investigar | Horse Collar |
| 11:37 | Construir | Farm |
| 11:37 | Construir | Farm |
| 11:37 | Construir | Farm |
| 11:38 | Construir | Farm |
| 11:38 | Construir | Farm |
| 11:39 | Construir | Farm |
| 11:47 | Crear | Villager (Male) |
| 11:55 | Construir | Palisade Wall |
| 12:10 | Crear | Scout Cavalry |
| 12:23 | Crear | Spearman |
| 12:24 | Crear | Villager (Male) |
| 12:29 | Construir | Farm |
| 12:29 | Construir | Farm |
| 12:29 | Construir | Farm |
| 12:31 | Construir | Farm |
| 12:32 | Construir | Farm |
| 12:33 | Construir | Farm |
| 12:33 | Construir | Farm |
| 12:36 | Crear | Villager (Male) |
| 12:49 | Crear | Spearman |
| 13:06 | Construir | House |
| 13:08 | Crear | Villager (Male) |
| 13:48 | Crear | Scout Cavalry |
| 13:53 | Construir | House |
| 13:54 | Crear | Villager (Male) |
| 13:56 | Construir | Farm |
| 14:01 | Crear | Spearman |
| 14:21 | Crear | Villager (Male) |
| 14:48 | Construir | Farm |
| 14:51 | Construir | House |
| 15:10 | Crear | Villager (Male) |
| 15:12 | Construir | Farm |
| 15:20 | Construir | Farm |
| 15:21 | Construir | Farm |
| 15:21 | Construir | Farm |
| 15:21 | Construir | Farm |
| 15:54 | Crear | Villager (Male) |
| 16:04 | Crear | Spearman |
| 16:20 | Crear | Villager (Male) |
| 16:29 | Construir | Watch Tower |
| 16:38 | Construir | Watch Tower |
| 17:27 | Crear | Villager (Male) |
Build order — 阿家
100 acciones detectadas en el replay
| 0:01 | Crear | Villager (Male) |
| 0:01 | Crear | Villager (Male) |
| 0:02 | Construir | House |
| 0:03 | Construir | House |
| 0:07 | Crear | Villager (Male) |
| 0:07 | Crear | Villager (Male) |
| 0:07 | Crear | Villager (Male) |
| 1:34 | Crear | Villager (Male) |
| 1:34 | Crear | Villager (Male) |
| 2:00 | Crear | Villager (Male) |
| 2:00 | Crear | Villager (Male) |
| 2:20 | Crear | Villager (Male) |
| 2:20 | Crear | Villager (Male) |
| 2:37 | Construir | Lumber Camp |
| 2:43 | Crear | Villager (Male) |
| 2:44 | Crear | Villager (Male) |
| 2:53 | Crear | Villager (Male) |
| 2:53 | Crear | Villager (Male) |
| 3:26 | Construir | House |
| 3:31 | Crear | Villager (Male) |
| 3:31 | Crear | Villager (Male) |
| 4:40 | Crear | Villager (Male) |
| 4:40 | Crear | Villager (Male) |
| 4:44 | Construir | House |
| 4:46 | Construir | Palisade Wall |
| 4:48 | Construir | Palisade Wall |
| 5:05 | Construir | Palisade Gate |
| 5:22 | Construir | House |
| 5:27 | Construir | Palisade Wall |
| 5:31 | Construir | Palisade Wall |
| 5:47 | Crear | Villager (Male) |
| 6:11 | Crear | Villager (Male) |
| 6:16 | Construir | Mill |
| 6:18 | Crear | Villager (Male) |
| 6:56 | Crear | Villager (Male) |
| 7:13 | Construir | Mining Camp |
| 7:32 | Construir | Palisade Wall |
| 7:37 | Construir | Palisade Wall |
| 7:38 | Construir | Palisade Wall |
| 8:08 | Investigar | Loom |
| 8:21 | Construir | Mill |
| 8:39 | Construir | Palisade Wall |
| 9:19 | Investigar | Feudal Age |
| 9:35 | Construir | Barracks |
| 9:52 | Construir | Palisade Wall |
| 9:55 | Construir | Palisade Wall |
| 10:06 | Construir | Palisade Gate |
| 11:29 | Edad | Edad Feudal |
| 11:32 | Construir | Archery Range |
| 11:34 | Crear | Villager (Male) |
| 11:35 | Crear | Villager (Male) |
| 11:37 | Investigar | Double-Bit Axe |
| 11:39 | Investigar | Horse Collar |
| 11:41 | Crear | Villager (Male) |
| 11:41 | Crear | Villager (Male) |
| 11:56 | Crear | Villager (Male) |
| 12:15 | Crear | Archer |
| 12:15 | Crear | Archer |
| 12:15 | Crear | Archer |
| 12:16 | Crear | Archer |
| 12:43 | Construir | House |
| 12:59 | Crear | Archer |
| 13:26 | Crear | Villager (Male) |
| 13:26 | Crear | Villager (Male) |
| 13:36 | Construir | Archery Range |
| 14:13 | Crear | Archer |
| 14:14 | Crear | Archer |
| 14:14 | Crear | Archer |
| 14:16 | Crear | Archer |
| 14:18 | Crear | Villager (Male) |
| 14:18 | Crear | Villager (Male) |
| 14:28 | Construir | Farm |
| 14:29 | Construir | Farm |
| 14:35 | Crear | Villager (Male) |
| 14:52 | Construir | House |
| 15:15 | Crear | Archer |
| 15:16 | Crear | Archer |
| 15:22 | Construir | Blacksmith |
| 15:23 | Crear | Villager (Male) |
| 15:28 | Construir | House |
| 15:29 | Construir | House |
| 15:59 | Construir | House |
| 16:24 | Crear | Archer |
| 16:24 | Crear | Archer |
| 16:53 | Crear | Villager (Male) |
| 16:55 | Construir | Farm |
| 16:57 | Construir | Farm |
| 16:59 | Investigar | Fletching |
| 16:59 | Investigar | Padded Archer Armor |
| 17:03 | Construir | Market |
| 17:37 | Construir | House |
| 17:39 | Construir | Farm |
| 17:41 | Construir | Farm |
| 18:07 | Crear | Villager (Male) |
| 18:07 | Crear | Villager (Male) |
| 18:15 | Construir | House |
| 18:19 | Construir | Farm |
| 18:21 | Construir | Farm |
| 18:51 | Construir | Farm |
| 18:55 | Construir | Farm |
Build order — TaşAhmet
85 acciones detectadas en el replay
| 0:01 | Crear | Villager (Male) |
| 0:01 | Crear | Villager (Male) |
| 0:02 | Construir | House |
| 0:03 | Construir | House |
| 0:18 | Crear | Villager (Male) |
| 0:18 | Crear | Villager (Male) |
| 0:18 | Crear | Villager (Male) |
| 1:31 | Crear | Villager (Male) |
| 1:31 | Crear | Villager (Male) |
| 1:31 | Crear | Villager (Male) |
| 1:46 | Construir | Lumber Camp |
| 2:11 | Crear | Villager (Male) |
| 2:47 | Crear | Villager (Male) |
| 2:47 | Crear | Villager (Male) |
| 3:15 | Crear | Villager (Male) |
| 3:15 | Crear | Villager (Male) |
| 3:23 | Construir | House |
| 3:34 | Crear | Villager (Male) |
| 3:54 | Construir | House |
| 4:57 | Crear | Villager (Male) |
| 4:57 | Crear | Villager (Male) |
| 4:58 | Crear | Villager (Male) |
| 4:58 | Crear | Villager (Male) |
| 4:58 | Crear | Villager (Male) |
| 4:58 | Crear | Villager (Male) |
| 5:18 | Crear | Villager (Male) |
| 5:36 | Construir | Mill |
| 6:36 | Construir | Palisade Wall |
| 6:52 | Construir | Farm |
| 6:57 | Construir | Farm |
| 7:00 | Construir | Farm |
| 7:08 | Investigar | Loom |
| 7:36 | Construir | Palisade Wall |
| 7:50 | Investigar | Feudal Age |
| 7:59 | Construir | Mining Camp |
| 8:12 | Construir | Palisade Wall |
| 8:13 | Construir | Palisade Wall |
| 8:35 | Construir | Palisade Wall |
| 8:37 | Construir | Palisade Wall |
| 8:43 | Construir | House |
| 9:20 | Construir | Palisade Wall |
| 9:23 | Construir | Palisade Wall |
| 9:33 | Construir | Palisade Wall |
| 9:41 | Construir | Palisade Gate |
| 10:02 | Edad | Edad Feudal |
| 10:06 | Investigar | Double-Bit Axe |
| 10:39 | Crear | Villager (Male) |
| 10:40 | Crear | Villager (Male) |
| 10:40 | Crear | Villager (Male) |
| 11:08 | Construir | Palisade Wall |
| 11:13 | Crear | Villager (Male) |
| 11:13 | Crear | Villager (Male) |
| 11:27 | Construir | Farm |
| 11:41 | Crear | Villager (Male) |
| 12:04 | Construir | Palisade Wall |
| 12:09 | Construir | Palisade Wall |
| 12:19 | Construir | Farm |
| 12:21 | Construir | Farm |
| 12:22 | Construir | Farm |
| 12:29 | Construir | Barracks |
| 12:40 | Construir | Farm |
| 12:43 | Construir | Farm |
| 13:03 | Investigar | Horse Collar |
| 13:06 | Crear | Villager (Male) |
| 13:07 | Crear | Villager (Male) |
| 13:07 | Crear | Villager (Male) |
| 13:23 | Construir | Lumber Camp |
| 13:36 | Crear | Spearman |
| 13:45 | Construir | House |
| 14:02 | Investigar | Wheelbarrow |
| 14:14 | Construir | House |
| 14:31 | Construir | House |
| 14:33 | Construir | House |
| 14:44 | Construir | Watch Tower |
| 15:04 | Construir | Mining Camp |
| 15:23 | Crear | Villager (Male) |
| 15:23 | Crear | Villager (Male) |
| 15:23 | Crear | Villager (Male) |
| 15:31 | Crear | Spearman |
| 15:38 | Construir | Farm |
| 16:17 | Construir | Farm |
| 16:20 | Construir | Farm |
| 16:21 | Construir | Farm |
| 16:23 | Construir | Farm |
| 17:13 | Construir | Watch Tower |
Build order — SuperCrazyFeng
115 acciones detectadas en el replay
| 0:00 | Crear | Villager (Male) |
| 0:01 | Crear | Villager (Male) |
| 0:01 | Crear | Villager (Male) |
| 0:01 | Crear | Villager (Male) |
| 0:02 | Construir | House |
| 0:04 | Construir | House |
| 1:25 | Crear | Villager (Male) |
| 1:25 | Crear | Villager (Male) |
| 1:45 | Construir | House |
| 1:46 | Construir | Mill |
| 1:59 | Crear | Villager (Male) |
| 1:59 | Crear | Villager (Male) |
| 2:17 | Crear | Villager (Male) |
| 2:18 | Crear | Villager (Male) |
| 2:47 | Crear | Villager (Male) |
| 2:47 | Crear | Villager (Male) |
| 3:11 | Crear | Villager (Male) |
| 3:11 | Crear | Villager (Male) |
| 3:40 | Crear | Villager (Male) |
| 3:40 | Crear | Villager (Male) |
| 4:08 | Crear | Villager (Male) |
| 4:08 | Crear | Villager (Male) |
| 4:09 | Crear | Villager (Male) |
| 4:47 | Crear | Villager (Male) |
| 4:47 | Crear | Villager (Male) |
| 4:59 | Construir | Lumber Camp |
| 5:03 | Crear | Villager (Male) |
| 5:11 | Investigar | Loom |
| 6:39 | Crear | Villager (Male) |
| 7:10 | Investigar | Feudal Age |
| 7:10 | Investigar | Feudal Age |
| 7:29 | Construir | Barracks |
| 7:31 | Crear | Villager (Male) |
| 7:44 | Construir | House |
| 8:10 | Construir | Palisade Wall |
| 8:11 | Construir | House |
| 8:38 | Construir | House |
| 9:20 | Edad | Edad Feudal |
| 9:24 | Construir | Stable |
| 9:27 | Crear | Villager (Male) |
| 9:35 | Construir | Mill |
| 9:55 | Crear | Villager (Male) |
| 10:08 | Investigar | Double-Bit Axe |
| 10:08 | Investigar | Double-Bit Axe |
| 10:16 | Crear | Villager (Male) |
| 10:19 | Crear | Scout Cavalry |
| 10:20 | Crear | Scout Cavalry |
| 10:24 | Construir | House |
| 10:41 | Crear | Villager (Male) |
| 10:52 | Construir | Farm |
| 10:53 | Construir | Farm |
| 10:57 | Crear | Scout Cavalry |
| 11:00 | Crear | Villager (Male) |
| 11:02 | Construir | Farm |
| 11:11 | Crear | Scout Cavalry |
| 11:34 | Crear | Villager (Male) |
| 11:37 | Construir | Farm |
| 11:50 | Construir | Farm |
| 11:52 | Construir | Farm |
| 11:54 | Crear | Villager (Male) |
| 11:54 | Crear | Villager (Male) |
| 11:58 | Construir | Farm |
| 12:10 | Crear | Villager (Male) |
| 12:18 | Construir | Watch Tower |
| 12:21 | Construir | Farm |
| 12:29 | Crear | Villager (Male) |
| 12:51 | Construir | Farm |
| 12:56 | Crear | Spearman |
| 13:00 | Crear | Scout Cavalry |
| 13:00 | Crear | Scout Cavalry |
| 13:02 | Crear | Villager (Male) |
| 13:05 | Construir | Farm |
| 13:07 | Crear | Spearman |
| 13:18 | Construir | Farm |
| 13:26 | Crear | Villager (Male) |
| 13:40 | Crear | Scout Cavalry |
| 13:54 | Construir | Mining Camp |
| 14:04 | Crear | Villager (Male) |
| 14:06 | Crear | Spearman |
| 14:17 | Crear | Scout Cavalry |
| 14:17 | Crear | Scout Cavalry |
| 14:19 | Construir | House |
| 14:24 | Construir | House |
| 14:28 | Investigar | Town Watch |
| 14:28 | Investigar | Town Watch |
| 14:36 | Crear | Spearman |
| 14:39 | Crear | Scout Cavalry |
| 14:56 | Crear | Scout Cavalry |
| 15:02 | Construir | Outpost |
| 15:05 | Crear | Villager (Male) |
| 15:07 | Crear | Spearman |
| 15:15 | Construir | Palisade Wall |
| 15:17 | Construir | Palisade Wall |
| 15:18 | Construir | Palisade Wall |
| 15:19 | Construir | Palisade Wall |
| 15:30 | Crear | Villager (Male) |
| 15:31 | Crear | Spearman |
| 15:49 | Construir | House |
| 15:55 | Construir | House |
| 15:59 | Crear | Villager (Male) |
| 16:18 | Construir | Watch Tower |
| 16:32 | Crear | Villager (Male) |
| 16:36 | Crear | Scout Cavalry |
| 16:36 | Crear | Scout Cavalry |
| 16:53 | Crear | Villager (Male) |
| 17:04 | Crear | Scout Cavalry |
| 17:20 | Construir | House |
| 17:37 | Construir | House |
| 17:39 | Crear | Villager (Male) |
| 17:55 | Construir | House |
| 17:59 | Crear | Villager (Male) |
| 18:00 | Construir | Farm |
| 18:11 | Crear | Scout Cavalry |
| 18:19 | Crear | Scout Cavalry |
| 18:29 | Crear | Scout Cavalry |
Cronología de la partida
| 4:46 | 阿家 · wall_segment Palisade Wall x1 |
| 4:48 | 阿家 · wall_segment Palisade Wall x3 |
| 5:27 | 阿家 · wall_segment Palisade Wall x1 |
| 5:31 | 阿家 · wall_segment Palisade Wall x12 |
| 6:36 | TaşAhmet · wall_segment Palisade Wall x5 |
| 6:54 | AmbassadorKaifa · wall_segment Palisade Wall x11 |
| 7:26 | AmbassadorKaifa · wall_segment Palisade Wall x18 |
| 7:29 | SuperCrazyFeng · first_building Barracks |
| 7:32 | 阿家 · wall_segment Palisade Wall x10 |
| 7:36 | TaşAhmet · wall_segment Palisade Wall x13 |
| 7:37 | 阿家 · wall_segment Palisade Wall x10 |
| 7:38 | 阿家 · wall_segment Palisade Wall x1 |
| 8:10 | SuperCrazyFeng · wall_segment Palisade Wall x1 |
| 8:12 | TaşAhmet · wall_segment Palisade Wall x5 |
| 8:13 | TaşAhmet · wall_segment Palisade Wall x1 |
| 8:32 | samur · first_building Barracks |
| 8:35 | TaşAhmet · wall_segment Palisade Wall x1 |
| 8:37 | TaşAhmet · wall_segment Palisade Wall x1 |
| 8:39 | 阿家 · wall_segment Palisade Wall x9 |
| 8:53 | samur · wall_segment Palisade Wall x4 |
| 9:00 | 存在即合理 · age_up feudal |
| 9:05 | 存在即合理 · first_building Stable |
| 9:13 | AmbassadorKaifa · wall_segment Palisade Wall x17 |
| 9:20 | TaşAhmet · wall_segment Palisade Wall x15 |
| 9:20 | SuperCrazyFeng · age_up feudal |
| 9:23 | TaşAhmet · wall_segment Palisade Wall x2 |
| 9:24 | SuperCrazyFeng · first_building Stable |
| 9:31 | samur · wall_segment Palisade Wall x14 |
| 9:33 | TaşAhmet · wall_segment Palisade Wall x7 |
| 9:35 | 阿家 · first_building Barracks |
| 9:39 | AmbassadorKaifa · wall_segment Palisade Wall x4 |
| 9:44 | samur · age_up feudal |
| 9:52 | samur · first_building Stable |
| 9:52 | 阿家 · wall_segment Palisade Wall x2 |
| 9:55 | 阿家 · wall_segment Palisade Wall x8 |
| 10:02 | TaşAhmet · age_up feudal |
| 10:41 | AmbassadorKaifa · age_up feudal |
| 11:08 | TaşAhmet · wall_segment Palisade Wall x1 |
| 11:29 | 阿家 · age_up feudal |
| 11:32 | 阿家 · first_building Archery Range |
| 11:44 | AmbassadorKaifa · wall_segment Palisade Wall x7 |
| 11:48 | AmbassadorKaifa · wall_segment Palisade Wall x7 |
| 11:55 | samur · wall_segment Palisade Wall x7 |
| 12:04 | TaşAhmet · wall_segment Palisade Wall x1 |
| 12:09 | TaşAhmet · wall_segment Palisade Wall x4 |
| 12:29 | TaşAhmet · first_building Barracks |
| 15:15 | SuperCrazyFeng · wall_segment Palisade Wall x1 |
| 15:17 | SuperCrazyFeng · wall_segment Palisade Wall x1 |
| 15:18 | SuperCrazyFeng · wall_segment Palisade Wall x1 |
| 15:19 | SuperCrazyFeng · wall_segment Palisade Wall x1 |
| 17:42 | AmbassadorKaifa · wall_segment Palisade Wall x1 |
| 17:43 | samur · resign |
| 17:45 | AmbassadorKaifa · wall_segment Palisade Wall x1 |
| 17:47 | AmbassadorKaifa · wall_segment Palisade Wall x1 |
[ ANÁLISIS IA · 1 CRÉDITO ]
¿Qué pasó realmente en esta partida?
Wolo.gg analiza cada decisión: build order, eco, micro, errores típicos por bracket. Análisis personalizado por WhatsApp o Discord en 30 segundos.
Guía civ
Cumanos
Guía mapa
Arabia
Perfil
Jugador #47609